 Dungeon Crawl Stone Soup version 0.27-a0-1595-g0b823d0a13 (webtiles) character file.

Game seed: 13345261298238987781

156 tilp the Magician (level 4, 0/30 (36) HPs)
             Began as a Demigod Hedge Wizard on July 20, 2021.
             Slain by a wight (3 damage)
             ... on level 3 of the Dungeon.
             The game lasted 00:07:46 (5186 turns).

tilp the Magician (Demigod Hedge Wizard)            Turns: 5186, Time: 00:07:47

HP:   0/30 (36)     AC:  7    Str: 11    XL:     4   Next: 92%
MP:   3/12          EV: 11    Int: 20    God:
Gold: 1398          SH:  0    Dex: 13    Spells: 3/10 levels left

rFire    . . .     SeeInvis .   a - +0 trident
rCold    . . .     Faith    .   (no shield)
rNeg     . . .     Spirit   .   h - +0 leather armour
rPois    .         Reflect  .   c - +0 hat
rElec    .         Harm     .   (no cloak)
rCorr    .         Rampage  .   (no gloves)
Will     .....                  (no boots)
Stlth    ++........             (no amulet)
HPRegen  0.10/turn              n - +4 ring of protection
MPRegen  0.13/turn              (no ring)

@: heavily drained
A: high mp 1, forlorn
a: no special abilities


You were on level 3 of the Dungeon.
You visited 1 branch of the dungeon, and saw 4 of its levels.

You collected 1398 gold pieces.

Inventory:

Hand Weapons
 a - a +0 trident (weapon)
 b - a +0 dagger of freezing
 j - a +0 short sword
 l - a +0 hand axe
Missiles
 r - 6 poisoned darts (quivered)
Armour
 c - a +0 hat (worn)
 d - a +0 chain mail
 f - a +0 robe
 h - a +0 leather armour (worn)
Magical Staves
 s - a staff of earth
Jewellery
 n - a +4 ring of protection (left hand)
Wands
 o - a wand of digging (7)
Potions
 e - a potion of ambrosia
 g - 2 potions of flight
 i - a potion of haste
 k - 2 potions of might
 p - a potion of heal wounds {unknown}
 q - a potion of degeneration {unknown}


   Skills:
 - Level 2.0 Fighting
 - Level 2.0 Dodging
 - Level 2.0 Stealth
 * Level 3.5 Spellcasting
 * Level 1.9 Conjurations
 + Level 1.6 Summonings
 + Level 1.6 Translocations


You had 3 spell levels left.
You knew the following spells:

 Your Spells              Type           Power      Damage    Failure   Level
a - Magic Dart            Conj           44%        1d5       9%          1
b - Call Imp              Summ           10%        N/A       14%         2
c - Blink                 Tloc           N/A        N/A       14%         2
d - Slow                  Hex            3%         N/A       26%         2

Your spell library contained the following spells:

 Spells                   Type           Power      Damage    Failure   Level
 Animate Skeleton         Necr           6%         N/A       19%         1
 Pain                     Necr           12%        1d4       19%         1
 Conjure Flame            Conj/Fire      7%         6-21      36%         3
 Mephitic Cloud           Conj/Pois/Air  6%         N/A       38%         3
 Vampiric Draining        Necr           1%         2d6       47%         3
 Hailstorm                Conj/Ice       7%         3d4       77%         4
 Ice Form                 Ice/Tmut       3%         N/A       87%         4
 Simulacrum               Ice/Necr       1%         N/A       100%        6


Dungeon Overview and Level Annotations

Branches:
Dungeon (4/15)
 Temple: D:4-7


Innate Abilities, Weirdness & Mutations

Your attributes grow dramatically as you level up.
You have an increased reservoir of magic. (+10% MP)
You shall have no god before yourself.


Message History

Unknown command.
You completely miss the wight.
The wight is heavily damaged.
The wight hits you with a +4 dagger.
You feel drained.
Your crimson imp barely misses the wight.
Unknown command.
You barely miss the wight.
The wight is heavily damaged.
Your crimson imp closely misses the wight.
The wight hits you but does no damage.
Unknown command.
You hit the wight but do no damage.
The wight is heavily damaged.
The wight hits you with a +4 dagger!
* * * LOW HITPOINT WARNING * * *
Your crimson imp blinks!
Your crimson imp hits the wight but does no damage.
The wight closely misses you.
Your crimson imp barely misses the wight.
You hit the wight.
The wight is almost destroyed.
Your crimson imp barely misses the wight.
Your crimson imp blinks!
The wight barely misses you.
Unknown command.
You hit the wight.
The wight is almost destroyed.
Your crimson imp hits the wight but does no damage.
The wight hits you but does no damage.
Unknown command.
You hit the wight but do no damage.
The wight is almost destroyed.
Your crimson imp blinks!
The wight hits you with a +4 dagger.
* * * LOW HITPOINT WARNING * * *
You feel drained.
* * * LOW HITPOINT WARNING * * *
Your crimson imp hits the wight but does no damage.
The wight hits you with a +4 dagger.
You die...

###############
#.......# #####.......#
##..##..##...#######
##........#.........#
##....................
###...55................
#...#..z§....#...#.##...
#...#..@.....#...#.##...
#................#.##...
#.............####.##.[.
#...#........## #......
#...##..##..## ###....
###....###### #....
###### ##... #... #...


You could see a wight (ally target) and 2 friendly crimson imps.

Vanquished Creatures
  A hound skeleton (D:4)
  4 adders
  A dart slug (D:2)
  An orc (D:3)
  5 endoplasms
  3 goblins
  6 hobgoblins (D:1)
  4 jackals
  4 kobolds
  A quokka (D:1)
  5 ball pythons
  4 bats
  4 frilled lizards
  8 rats
51 creatures vanquished.

Vanquished Creatures (collateral kills)
  A scorpion (D:4)
  An adder (D:2)
  2 worms (D:3)
  A dart slug (D:2)
  3 orcs
  2 endoplasms
  A giant cockroach (D:2)
  2 goblins
  A jackal (D:2)
  2 kobolds (D:1)
  2 ball pythons
  A rat (D:1)
19 creatures vanquished.

Grand Total: 70 creatures vanquished

Notes
Turn   | Place    | Note
-------+----------+-------------------------------------------
     0 | D:1      | tilp the Demigod Hedge Wizard began the quest for the Orb.
     0 | D:1      | Reached XP level 1. HP: 14/14 MP: 6/6
   163 | D:1      | Reached skill level 1 in Fighting
   531 | D:1      | Reached XP level 2. HP: 23/23 MP: 2/8
   585 | D:1      | Learned a level 2 spell: Blink
   588 | D:1      | Learned a level 2 spell: Call Imp
  1188 | D:1      | Reached skill level 1 in Summonings
  1577 | D:2      | Reached XP level 3. HP: 20/29 MP: 3/10
  1689 | D:2      | Reached skill level 1 in Conjurations
  1692 | D:2      | Learned a level 2 spell: Slow
  1902 | D:2      | Reached skill level 1 in Translocations
  2081 | D:2      | Reached skill level 3 in Spellcasting
  3454 | D:2      | Identified a scroll of acquirement
  3454 | D:2      | Acquired 1322 gold pieces
  4165 | D:3      | Reached XP level 4. HP: 17/36 MP: 2/11
  5186 | D:3      | Slain by a wight

Illustrated notes

Levels and vault maps discovered:
D:1:      minmay_arrival_diagonal_passages, layout_basic,
          minmay_rat_gold_closets
D:2:      layout_basic, minivault_5, patterned_corridor
D:3:      layout_basic, serial_park_tiny_pond, amcnicky_mini_pool_small,
          st_stairs_5, serial_park_tiny_pond
D:4:      layout_cave_pods, minmay_temple_entry_waves, guppyfry_shop_venom,
          uniq_eustachio

Skill      XL: |  1  2  3 |
---------------+----------+-----
Fighting       | 1 2 |  2.0
Summonings     | 1 |  1.6
Conjurations   | 1 |  1.9
Translocations | 1 |  1.6
Spellcasting   | 3 |  3.5
Dodging        | 2 |  2.0
Stealth        | 2 |  2.0

Action                   |  1- 3 |  4- 6 || total
-------------------------+-------+-------++-------
Melee: Dagger            |    11 |       ||    11
       Hand axe          |    24 |       ||    24
       Short sword       |    11 |       ||    11
       Trident           |    61 |    46 ||   107
 Cast: Magic Dart        |    64 |     9 ||    73
       Call Imp          |    37 |    18 ||    55
       Blink             |     3 |       ||     3
  Use: Scroll            |     4 |     3 ||     7
 Stab: Sleeping          |     6 |       ||     6
       Distracted        |     2 |       ||     2
Armor: Robe              |    12 |       ||    12
       Leather armour    |    16 |    21 ||    37
Dodge: Dodged            |    74 |    28 ||   102

Table legend: (Time is in decaauts)
 A = Elapsed time spent in this place.
 B = Non-inter-level travel time spent in this place.
 C = Inter-level travel time spent in this place.
 D = Time resting spent in this place.
 E = Time spent auto-exploring this place.
 F = Levels seen in this place.
 G = Mean time per level.
                   A        B        C        D        E       F      G
               +--------+--------+--------+--------+--------+-----+--------+
         Total |   5232 |   5123 |    109 |   1085 |   3335 |   4 | 1308.0 |
       Dungeon |   5232 |   5123 |    109 |   1085 |   3335 |   4 | 1308.0 |
               +--------+--------+--------+--------+--------+-----+--------+

Top non-repeatable levels by time:
     D:2: 2330 daAuts
     D:1: 1552 daAuts
     D:3: 1043 daAuts
     D:4: 304 daAuts
